 Dungeon Crawl Stone Soup version 0.20-a0-1117-g62da73f (webtiles) character file.

968 grindst0ne the Skirmisher (level 7, -8/60 HPs)
             Began as a Demonspawn Berserker on May 9, 2017.
             Was an Elder of Trog.
             Mangled by a gnoll
             ... wielding a +0 halberd
              (13 damage)
             ... on level 5 of the Dungeon.
             The game lasted 00:10:42 (4161 turns).

grindst0ne the Skirmisher (Demonspawn Berserker)    Turns: 4161, Time: 00:10:43

Health: -8/60      AC:  5    Str: 16 (17) XL:     7   Next: 93%
Magic:  7/7        EV: 12    Int:  6 (8)  God:    Trog [****..]
Gold:   220        SH:  0    Dex: 15 (17) Spells: 6/6 levels left

rFire    . . .     SeeInvis .   r - +1 war axe
rCold    . . .     Gourm    .   (no shield)
rNeg     . . .     Faith    .   w - +1 troll leather armour {Purgy}
rPois    .         Spirit   .   (helmet restricted)
rElec    .         Reflect  .   (no cloak)
rCorr    .         Harm     .   (no gloves)
MR       .....                  (no boots)
Stlth    ++........             (no amulet)
Regen    0.6/turn               (no ring)
MPRegen  0.1/turn               (no ring)

@: no status effects
A: horns 2, thin skeletal structure 1
a: Berserk, Trog's Hand, Brothers in Arms, Burn Spellbooks, Renounce Religion


You were on level 5 of the Dungeon.
You worshipped Trog.
Trog was greatly pleased with you.
You were not hungry.

You visited 1 branch of the dungeon, and saw 5 of its levels.
You also visited: Ossuary.

You collected 220 gold pieces.

Inventory:

Hand Weapons
 a - a +0 hand axe
 r - a +1 war axe (weapon)
Missiles
 z - a throwing net (quivered)
Armour
 d - a +0 scale mail
 w - a +1 troll leather armour (worn) {Purgy}
Jewellery
 b - an uncursed amulet of faith {unknown}
 D - an uncursed ring of positive energy {unknown}
 E - a +2 ring of dexterity {unknown}
Wands
 y - a wand of disintegration (17/24)
Scrolls
 f - 6 scrolls of teleportation
 h - a scroll of identify
 i - 6 scrolls of remove curse
 j - a scroll of recharging {unknown}
 n - 3 scrolls of enchant armour
 p - 3 scrolls of blinking
Potions
 e - a potion of heal wounds
 g - 3 potions of lignification
 l - 3 potions of ambrosia
 m - 2 potions of curing
 q - a potion of invisibility
 t - a potion of haste
 x - a potion of flight
 B - a potion of brilliance
Comestibles
 c - 4 bread rations
 o - 2 fruits
 s - 2 meat rations
 u - 2 royal jellies


   Skills:
 + Level 7.0 Fighting
 + Level 6.5 Axes
 - Level 1.7 Armour
 - Level 1.7 Dodging


You had 6 spell levels left.
You didn't know any spells.

Dungeon Overview and Level Annotations

Branches:
Dungeon (5/15)
 Temple: D:4-7

Altars:
Elyvilon
Trog


Innate Abilities, Weirdness & Mutations

You have a pair of horns on your head.
You have a somewhat thin skeletal structure. (Dex +2, Stealth)


Message History

The gnoll hits you but does no damage.
The gnoll hits you from afar with a halberd!
* * * LOW HITPOINT WARNING * * *
You cannot move.
The gnoll hits you but does no damage. The gnoll hits you but does no damage.
The gnoll hits you from afar with a halberd.
* * * LOW HITPOINT WARNING * * *
The gnoll hits you but does no damage. The gnoll hits you but does no damage.
You feel less wooden.
Your +1 troll leather armour {Purgy} unmelds from your body.
The gnoll misses you. The gnoll closely misses you.
The gnoll hits you with a halberd.
* * * LOW HITPOINT WARNING * * *
You barely miss the gnoll. The gnoll hits you with a halberd!
* * * LOW HITPOINT WARNING * * *
You barely miss the gnoll. The gnoll hits you with a halberd!
You die...

*,****#..,,.###.#.####........,,,
*,* *#.#****##.#.# ###.#####**,
*,****,,,***##....#*****.#** *,
*,,,,,,*,.,##.....##,,,,..,* *,
*,****,,,#.#.......#,***,#.*****,
*,* **,,..........#,* *,,..,,,,,
*,* *,*#.#.......#,***,*,##****
*,* **,*#,##.....##,,,,,*,* *,*
*,,**.###..@##***,***,* *,*
*,***,..###g# *,* *,******
*,****,**,,*#.*#o# *,* *,,,,,,,
*,,,,*,*,#.###.#o#####.# *,,*****
*,**,*,*,#.....†..)....# *,,*
*,**,*,*,#..##.#.####..#**,,*
*,,,,,,,,,,,......,,,,,,,,,,*
****,*****...###..#**,,****,*
,,**,****##.#* ##.# *,,* *,*


You could see a gnoll and 2 orcs.

Vanquished Creatures
  The ghost of kal9871 the Gusty, an amateur TeAE (Ossuary)
  Purgy (D:3)
  A black bear (D:3)
  An ogre (D:5)
  A centaur (D:5)
  An elf zombie (Ossuary)
  A howler monkey (D:4)
  A crimson imp (D:5)
  A centaur zombie (Ossuary)
  A hound (D:5)
  2 orc wizards (D:5)
  An iguana (D:4)
  A worker ant (D:4)
  2 mummies (Ossuary)
  A howler monkey skeleton (D:5)
  4 adders
  2 gnolls (D:5)
  An ooze (D:4)
  3 adder zombies (Ossuary)
  3 worms
  A dart slug (D:2)
  4 leopard geckos
  4 orcs
  3 giant cockroaches
  9 hobgoblins
  10 jackals
  A quokka (D:4)
  2 ball pythons
  5 bats
  5 frilled lizards
  10 goblins
  11 hobgoblin zombies (Ossuary)
  2 jackal zombies (Ossuary)
  9 kobolds
  11 kobold zombies (Ossuary)
  6 orc zombies (Ossuary)
  5 rats
128 creatures vanquished.

Vanquished Creatures (others)
  2 hobgoblin zombies (Ossuary)
2 creatures vanquished.

Grand Total: 130 creatures vanquished

Notes
Turn   | Place    | Note
-------+----------+-------------------------------------------
     0 | D:1      | grindst0ne the Demonspawn Berserker began the quest for the Orb.
     0 | D:1      | Reached XP level 1. HP: 18/18 MP: 1/1
   152 | D:1      | Gained mutation: You have a somewhat thin skeletal structure. (Dex +2, Stealth) [demonic ancestry]
   152 | D:1      | Reached XP level 2. HP: 9/24 MP: 2/2
  1084 | D:2      | Reached ** piety under Trog
  1084 | D:2      | Reached XP level 3. HP: 26/30 MP: 3/3
  1375 | D:2      | Reached skill level 4 in Fighting
  1724 | D:2      | Reached XP level 4. HP: 37/37 MP: 4/4
  2421 | D:3      | Noticed Purgy
  2421 | D:3      | Noticed a black bear
  2430 | D:3      | Killed Purgy
  2430 | D:3      | Gained mutation: You have a pair of small horns on your head. [demonic ancestry]
  2430 | D:3      | Reached XP level 5. HP: 43/43 MP: 5/5
  2432 | D:3      | Killed a black bear
  2432 | D:3      | Reached skill level 5 in Fighting
  2432 | D:3      | Gained mutation: You have a pair of horns on your head. [demonic ancestry]
  2432 | D:3      | Reached XP level 6. HP: 51/51 MP: 6/6
  2568 | D:3      | Reached *** piety under Trog
  2849 | D:4      | Found a white marble altar of Elyvilon.
  2934 | D:4      | Reached skill level 5 in Axes
  2987 | D:4      | Found a bloodstained altar of Trog.
  3428 | D:5      | Entered Level 5 of the Dungeon
  3450 | D:5      | Reached skill level 6 in Fighting
  3497 | D:5      | Found a sand-covered staircase.
  3502 | Ossuary  | Entered an ossuary
  3527 | Ossuary  | Reached XP level 7. HP: 57/58 MP: 7/7
  3534 | Ossuary  | Noticed kal9871's ghost (amateur TeAE)
  3542 | Ossuary  | Killed kal9871's ghost
  3674 | Ossuary  | Reached **** piety under Trog
  4110 | D:5      | HP: 1/88 [orc wizard/magic dart (8)]
  4138 | D:5      | Reached skill level 7 in Fighting
  4161 | D:5      | Mangled by a gnoll

Vault maps used:
D:1:      lightli_arrival_statuegarden
D:3:      corexii_hall_statues_i, hex_medium, hex_large, uniq_purgy
D:4:      overflow_temple_1_default, elyvilon_altar_5, first_bread,
          item_on_display_a
D:5:      enter_ossuary_5, uniq_prince_ribbit1
Ossuary:  ossuary_tomb_1

Skill      XL: |  1  2  3  4  5  6  7 |
---------------+----------------------+-----
Axes           | 3 4 5 6 |  6.5
Fighting       | 4 5 6 7 |  7.0
Armour         | |  1.7
Dodging        | |  1.7

Action                   |  1- 3 |  4- 6 |  7- 9 || total
-------------------------+-------+-------+-------++-------
Melee: Hand axe          |   106 |       |       ||   106
       War axe           |       |    87 |   131 ||   218
       Headbutt          |       |    12 |    16 ||    28
Invok: Berserk           |     6 |     5 |     3 ||    14
  Use: Scroll            |       |     5 |    12 ||    17
       Potion            |       |       |     7 ||     7
 Stab: Sleeping          |     1 |     3 |       ||     4
  Eat: Chunk             |     7 |    10 |     2 ||    19
       Bread ration      |       |       |     1 ||     1
Armor: Animal skin       |     6 |       |       ||     6
       Scale mail        |    19 |    20 |       ||    39
       Troll leather arm |       |     7 |    28 ||    35
       Skin              |       |       |    66 ||    66
Dodge: Dodged            |    66 |    62 |    87 ||   215
